 Dungeon Crawl Stone Soup version 0.28-a0-980-g3664467d6e (webtiles) character file.

Game seed: 12955270004609588304

58 Aksej the Ducker (level 3, 0/27 HPs)
             Began as a Demonspawn Gladiator on Dec 2, 2021.
             Slain by an adder (2 damage)
             ... on level 2 of the Dungeon.
             The game lasted 00:03:18 (1556 turns).

Aksej the Ducker (Demonspawn Gladiator)             Turns: 1556, Time: 00:03:18

Health: 0/27       AC:  7    Str: 14    XL:     3   Next: 75%
Magic:  3/3        EV: 13    Int: 15    God:
Gold:   59         SH:  0    Dex: 16    Spells: 2/2 levels left

rFire   . . .      SeeInvis .   a - +0 long sword
rCold   . . .      Faith    .   (no shield)
rNeg    . . .      Spirit   .   b - +0 leather armour
rPois   .          Reflect  .   (helmet restricted)
rElec   .          Harm     .   (no cloak)
rCorr   .          Rampage  .   (no gloves)
Will    .....                   (no boots)
Stlth   +.........              (no amulet)
HPRegen 0.09/turn               c - +6 ring of intelligence
MPRegen 0.08/turn               (no ring)

@: sanguine armoured
A: antennae 1, sanguine armour 1, deformed body, no potion heal 1
a: no special abilities


You were on level 2 of the Dungeon.
You visited 1 branch of the dungeon, and saw 2 of its levels.

You collected 59 gold pieces.

Inventory:

Hand Weapons
 a - a +0 long sword (weapon)
Missiles
 d - 2 throwing nets (quivered)
Armour
 b - a +0 leather armour (worn)
Jewellery
 c - a +6 ring of intelligence (left hand)
Potions
 e - a potion of brilliance
 f - a potion of might {unknown}
 g - a potion of berserk rage {unknown}


   Skills:
 * Level 2.2 Fighting
 + Level 3.2 Long Blades
 + Level 1.9 Throwing
 + Level 1.1 Armour
 * Level 3.3 Dodging


You had 2 spell levels left.
You didn't know any spells.
Your spell library contained the following spells:

 Spells                   Type           Power      Damage    Failure   Level
 Ensorcelled Hibernation  Hex/Ice        0%         N/A       45%         2
 Passwall                 Tmut/Erth      0%         N/A       45%         2
 Static Discharge         Conj/Air       0%         N/A       45%         2
 Spider Form              Tmut/Pois      0%         N/A       69%         3
 Swiftness                Air            0%         N/A       69%         3
 Dispel Undead            Necr           0%         3d6       97%         4
 Sticky Flame             Conj/Fire      0%         2d3       97%         4


Dungeon Overview and Level Annotations

Branches:
Dungeon (2/15)

Altars:


Innate Abilities, Weirdness & Mutations

You have a pair of small antennae on your head.
When seriously injured, your blood forms armour. (AC +6)
Armour fits poorly on your strangely shaped body.
Potions are less effective at restoring your health.


Message History

The bat hits you but does no damage. The bat barely misses you.
The bat misses you. The adder bites you but does no damage.
The bat closely misses you. The bat barely misses you.
The bat closely misses you. The bat closely misses you.
The bat closely misses you.
You barely miss the bat. The bat misses you. The bat closely misses you.
You barely miss the bat. The bat closely misses you. x2
You hit the bat.
The bat is moderately wounded.
The bat closely misses you. The bat hits you.
You miss the bat. The bat hits you but does no damage.
You hit the bat.
The bat is moderately wounded.
The bat hits you but does no damage. The bat closely misses you.
The bat hits you but does no damage.
You closely miss the bat.
The bat is moderately wounded.
The bat hits you but does no damage.
You hit the bat.
You kill the bat!
The adder bites you.
* * * LOW HITPOINT WARNING * * *
You are poisoned.
The adder poisons you!
You slash the adder!
The adder is severely wounded.
* * * LOW HITPOINT WARNING * * *
You feel sick. The adder closely misses you.
You hit the adder.
The adder is almost dead.
You feel sick. The adder bites you but does no damage.
The adder closely misses you.
You barely miss the adder.
The adder is almost dead.
You feel sick.
You are no longer poisoned.
The adder closely misses you. The adder bites you.
You die...

.............#
##########.....
.............#
#..............
###..........#
#..............
#..........####
#...........##+
#.(...>.......# #...........#
#....(........# #...........#
#.............# #...........#
#..........######...........#
#...........gS@.............#
#########.##########.########
#.#........#.# #.#.######.#.#
#.#.#..# #.#.# #.#.#..###.#.#
#.#.#......#.# #.#.#......#.#
#.######.#.#


You could see an adder and a goblin.

Vanquished Creatures
  An adder (D:2)
  2 worms (D:2)
  A dart slug (D:1)
  5 ball pythons
  A giant cockroach (D:2)
  4 goblins
  6 hobgoblins
  3 jackals (D:1)
  2 quokkas
  6 bats
  A frilled lizard (D:2)
  2 kobolds (D:1)
  4 rats
38 creatures vanquished.

Notes
Turn   | Place    | Note
-------+----------+-------------------------------------------
     0 | D:1      | Aksej the Demonspawn Gladiator began the quest for the Orb.
     0 | D:1      | Reached XP level 1. HP: 16/16 MP: 1/1
    81 | D:1      | Gained mutation: When seriously injured, your blood forms
                  | armour. (AC +6) [demonic ancestry]
    81 | D:1      | Reached XP level 2. HP: 14/22 MP: 2/2
   963 | D:1      | Gained mutation: You have a pair of small antennae on your
                  | head. [demonic ancestry]
   963 | D:1      | Reached XP level 3. HP: 26/27 MP: 3/3
  1174 | D:2      | Reached skill level 1 in Armour
  1448 | D:2      | Gained mutation: You are agile. (Dex +2) [potion of
                  | mutation]
  1448 | D:2      | Gained mutation: You sometimes lose the ability to read
                  | scrolls when taking damage. [potion of mutation]
  1449 | D:2      | Lost mutation: You are agile. (Dex +2) [potion of mutation]
  1449 | D:2      | Lost mutation: You sometimes lose the ability to read
                  | scrolls when taking damage. [potion of mutation]
  1449 | D:2      | Gained mutation: Potions are less effective at restoring
                  | your health. [potion of mutation]
  1449 | D:2      | Gained mutation: Armour fits poorly on your strangely
                  | shaped body. [potion of mutation]
  1556 | D:2      | Slain by an adder

Illustrated notes

Levels and vault maps discovered:
D:1:      dpeg_arrival_tiny_d, layout_loops_cross
D:2:      layout_basic

Skill      XL: |  1  2  3 |
---------------+----------+-----
Dodging        | 3 |  3.3
Long Blades    | 3 |  3.2
Armour         | 1 |  1.1
Fighting       | |  2.2
Throwing       | |  1.9

Action                   || total
-------------------------++-------
Melee: Long sword        ||   117
Throw: Throwing net      ||     2
  Use: Scroll            ||     2
       Potion            ||     2
 Stab: Held in net/web   ||     1
       Sleeping          ||     1
Armor: Leather armour    ||    60
Dodge: Dodged            ||   113

Table legend: (Time is in decaauts)
 A = Elapsed time spent in this place.
 B = Non-inter-level travel time spent in this place.
 C = Inter-level travel time spent in this place.
 D = Time resting spent in this place.
 E = Time spent auto-exploring this place.
 F = Levels seen in this place.
 G = Mean time per level.
                   A        B        C        D        E       F      G
               +--------+--------+--------+--------+--------+-----+--------+
         Total |   1584 |   1576 |      8 |      0 |   1269 |   2 |  792.0 |
       Dungeon |   1584 |   1576 |      8 |      0 |   1269 |   2 |  792.0 |
               +--------+--------+--------+--------+--------+-----+--------+

Top non-repeatable levels by time:
     D:1: 1152 daAuts
     D:2: 431 daAuts
